 Dungeon Crawl Stone Soup version 0.18-a0-1764-gf4ddf0b (webtiles) character file.

212 Ratboiler the Poker (level 5, -3/42 HPs)
             Began as a Minotaur Wanderer on Apr 13, 2016.
             Was an Initiate of Trog.
             Slain by an eight-headed hydra zombie (4 damage)
             ... on level 2 of the Abyss.
             The game lasted 00:06:55 (2828 turns).

Ratboiler the Poker (Minotaur Wanderer)             Turns: 2828, Time: 00:06:56

Health: -3/42      AC:  5    Str: 18    XL:     5   Next: 58%
Magic:  5/5        EV: 10    Int:  9    God:    Trog [......]
Gold:   132        SH:  0    Dex:  9    Spells: 0 memorised, 6 levels left

rFire  . . .     SeeInvis .     a - +2 spear
rCold  . . .     Gourm    .     m - +0 ring mail
rNeg   . . .     Faith    .     (no shield)
rPois  .         Spirit   .     (helmet restricted)
rElec  .         Dismiss  +     (no cloak)
rCorr  .         Reflect  .     (no gloves)
SustAt .         Harm     .     (no boots)
MR     .....                    i - amulet of dismissal
Stlth  +.........               (no ring)
                                (no ring)

@: not resistant to hostile enchantments, very unstealthy
A: retaliatory headbutt, horns 2
a: Burn Spellbooks, Renounce Religion


You were on level 2 of the Abyss.
You worshipped Trog.
Trog was noncommittal.
You were not hungry.

You visited 1 branch of the dungeon, and saw 4 of its levels.
You visited the Abyss 1 time.

You collected 132 gold pieces.

Inventory:

Hand Weapons
 a - a +2 spear (weapon)
 e - a +0 dagger
Missiles
 g - 5 needles of paralysis
 s - 7 curare-tipped needles
 u - 15 poisoned needles
Armour
 d - a +0 robe
 m - a +0 ring mail (worn)
Jewellery
 i - an amulet of dismissal (around neck)
Wands
 b - a wand of flame (19/48)
Scrolls
 h - a scroll of teleportation
 k - 2 scrolls of recharging {unknown}
 l - 2 scrolls of enchant weapon {unknown}
 n - 3 scrolls of remove curse
 o - 2 scrolls of identify {unknown}
 p - a scroll of fear {unknown}
 x - a scroll of enchant armour {unknown}
Potions
 c - a potion of lignification
 j - 2 potions of flight {unknown}
 q - a potion of might {unknown}
 t - a potion of mutation {unknown}
 w - a potion of haste {unknown}
Comestibles
 f - 3 bread rations
 r - a royal jelly
 v - a fruit


   Skills:
 - Level 2.4 Fighting
 + Level 7.1 Polearms
 - Level 1.5 Stealth
 - Level 1.0 Spellcasting
   Level 1.0 Fire Magic
   Level 1.0 Earth Magic
 - Level 1.0 Evocations


You had 6 spell levels left.
You didn't know any spells.

Dungeon Overview and Level Annotations

Branches:
Dungeon (4/15)
 Temple: D:4-7

Altars:
Trog

Annotations:
D:2 Sigmund


Innate Abilities, Weirdness & Mutations

You reflexively headbutt those who attack you in melee.
You have a pair of horns on your head.


Message History

The ufetubus disappears!
The ufetubus closely misses you.
The ufetubus hits you but does no damage.
An iron imp comes into view.
The ufetubus hits you but does no damage.
The ufetubus hits you.
Found a bread ration.
The ufetubus hits you but does no damage.
The ufetubus closely misses you. The iron imp closely misses you.
You furiously retaliate!
You headbutt the iron imp, but do no damage.
The ufetubus completely misses you. The ufetubus hits you.
Your amulet of dismissal vibrates suddenly!
The ufetubus disappears!
The eight-headed hydra zombie barely misses you.
The eight-headed hydra zombie bites you but does no damage.
The eight-headed hydra zombie bites you!
* * * LOW HITPOINT WARNING * * *
The eight-headed hydra zombie bites you.
You die...

.. .### .
#..#######... #..
#
..........##%##..
.
##.###..........##
#. #..........#
#.#3 ####
..##.###.###...
##5###......####
###..# #.#####
.... #.@Z.#
.#...######.
#.####.##......# #
## #.# #.....####
#.# #### .35. #.#
####. ..# #. . #
##


You could see an iron imp and an eight-headed hydra zombie.

Vanquished Creatures
  Jessica (D:2)
  Ijyb (D:2)
  2 gnolls
  7 adders
  An ufetubus (Abyss:1)
  2 worms
  2 giant geckos
  3 orcs (D:3)
  4 giant cockroaches
  7 goblins
  9 hobgoblins
  6 jackals
  8 bats
  A giant newt (D:3)
  6 kobolds
  7 rats
67 creatures vanquished.

Vanquished Creatures (others)
  2 starspawn tentacles (Abyss:1)
  39 starspawn tentacle segments (Abyss:1)
41 creatures vanquished.

Grand Total: 108 creatures vanquished

Notes
Turn   | Place    | Note
--------------------------------------------------------------
     0 | D:1      | Ratboiler the Minotaur Wanderer began the quest for the Orb.
     0 | D:1      | Ratboiler set off with: a +2 spear, a potion of curing, a potion of lignification, a +0 robe, a +0 dagger, a bread ration
     0 | D:1      | Reached XP level 1. HP: 18/18 MP: 1/1
   120 | D:1      | Reached skill level 3 in Polearms
   239 | D:1      | Reached XP level 2. HP: 22/25 MP: 2/2
   737 | D:2      | Noticed Jessica
   739 | D:2      | Killed Jessica
   739 | D:2      | Reached skill level 4 in Polearms
   739 | D:2      | Reached XP level 3. HP: 30/30 MP: 3/3
   750 | D:2      | Noticed Ijyb
   761 | D:2      | Killed Ijyb
   761 | D:2      | Reached skill level 5 in Polearms
   761 | D:2      | Reached XP level 4. HP: 33/37 MP: 4/4
  1159 | D:2      | Reached skill level 6 in Polearms
  1476 | D:2      | Noticed Sigmund
  1517 | D:3      | Reached XP level 5. HP: 34/42 MP: 5/5
  1985 | D:3      | Found a bloodstained altar of Trog.
  1994 | D:3      | Became a worshipper of Trog the Wrathful
  2124 | D:4      | Reached skill level 7 in Polearms
  2499 | D:4      | Cast into level 1 of the Abyss (gnoll)
  2576 | Abyss:1  | Found a corrupted altar of Lugonu.
  2627 | Abyss:1  | Noticed a smoke demon
  2628 | Abyss:1  | Noticed a wretched star
  2631 | Abyss:1  | Noticed a large abomination
  2659 | Abyss:1  | Noticed a tentacled starspawn
  2668 | Abyss:1  | Noticed a wretched star
  2673 | Abyss:1  | Noticed a spatial vortex
  2698 | Abyss:1  | Noticed a tentacled starspawn
  2734 | Abyss:2  | Noticed a bone dragon
  2756 | Abyss:2  | Found a corrupted altar of Lugonu.
  2795 | Abyss:2  | Noticed a ynoxinul
  2828 | Abyss:2  | HP: 1/42 [eight-headed hydra zombie (12)]
  2828 | Abyss:2  | Slain by an eight-headed hydra zombie

Vault maps used:
D:1:      dpeg_arrival_boxorama, serial_curves, eino_curves_04, eino_curves_04,
          eino_curves_04, minmay_misc_feat_diagonals, minivault_25,
          minmay_distorted
D:2:      first_bread, minmay_door_square, uniq_sigmund, uniq_iyjb, uniq_jessica
D:3:      trog_book
Abyss:2:  hangedman_abyss_or_decor_clamps

Skill      XL: |  1  2  3  4  5 |
---------------+----------------+-----
Polearms       | 3 4 5 6 7 |  7.1
Fighting       | |  2.4
Stealth        | |  1.5
Spellcasting   | |  1.0
Fire Magic     | |  1.0
Earth Magic    | |  1.0
Evocations     | |  1.0

Action                   |  1- 3 |  4- 6 || total
-------------------------+-------+-------++-------
Melee: Spear             |    44 |   141 ||   185
       Headbutt          |     7 |    16 ||    23
  Use: Scroll            |       |     3 ||     3
       Potion            |       |     1 ||     1
  Eat: Chunk             |       |     3 ||     3
       Meat ration       |       |     1 ||     1
       Fruit             |       |     1 ||     1
Armor: Robe              |     1 |       ||     1
       Ring mail         |     5 |    27 ||    32
Dodge: Dodged            |    16 |    61 ||    77
